 Dungeon Crawl Stone Soup version 0.30-a0-728-gc68057be0a (webtiles) character file.

Game seed: 15695656715797709671

121 jimonade the Ducker (level 5, -1/39 HPs)
             Began as a Djinni Gladiator on Feb 1, 2023.
             Slain by a ball python (2 damage)
             ... on level 3 of the Dungeon.
             The game lasted 00:04:30 (2221 turns).

jimonade the Ducker (Djinni Gladiator)              Turns: 2221, Time: 00:04:31

Health: -1/39      AC:  4    Str: 13    XL:     5   Next: 26%
Gold:   109        EV: 13    Int: 12    God:
                   SH:  0    Dex: 14

rFire   + + .      SeeInvis +    q - +1 whip (elec)
rCold   x . .      Faith    .    (no shield)
rNeg    . . .      Spirit   .    b - +0 leather armour
rPois   ∞          Reflect  .    c - +0 helmet
rElec   .          Harm     .    (no cloak)
rCorr   .          Rampage  .    (no gloves)
Will    .....                    (boots unavailable)
Stlth   +                        (no amulet)
HPRegen 0.26/turn                n - +4 ring of slaying
MPRegen 0.00/turn                i - ring of see invisible

@: flying
A: sickness immunity, fire resistance 2, cold vulnerability 1, float, innate
caster, HP casting, extra vitality 1
a: no special abilities


You were on level 3 of the Dungeon.
You visited 1 branch of the dungeon, and saw 3 of its levels.

You collected 109 gold pieces.

Inventory:

Hand Weapons
 a - a +0 long sword
 f - a +0 dagger
 l - a +0 rapier
 q - a +1 whip of electrocution (weapon)
Missiles
 d - 4 throwing nets (quivered)
 e - 4 javelins
Armour
 b - a +0 leather armour (worn)
 c - a +0 helmet (worn)
Jewellery
 i - a ring of see invisible (right hand)
 j - a ring of ice
 n - a +4 ring of slaying (left hand)
Scrolls
 h - 2 scrolls of teleportation {unknown}
 o - a scroll of magic mapping
Potions
 g - a potion of magic
 k - a potion of attraction {unknown}
 m - a potion of lignification {unknown}
 p - a potion of brilliance {unknown}
 s - a potion of curing {unknown}
 t - a potion of heal wounds {unknown}
 u - a potion of mutation {unknown}
 v - a potion of invisibility {unknown}


   Skills:
 + Level 2.7 Fighting
 - Level 3.5 Long Blades
 + Level 0.2 Maces & Flails
 - Level 1.5 Throwing
 + Level 1.6 Armour
 + Level 4.0 Dodging
 - Level 0.1 Stealth
 * Level 0.7 Spellcasting


You had 2 spell levels left.
You knew the following spells:

 Your Spells              Type           Power      Damage    Failure   Level
a - Sting                 Tmut/Pois      8%         1d3       28%         1
b - Static Discharge      Conj/Air       4%         2-3/arc   41%         2
Your spell library was empty.

Dungeon Overview and Level Annotations

Branches:
Dungeon (3/15)

Altars:


Innate Abilities, Weirdness & Mutations

You are immune to sickness and miasma.
You are immune to poison.
Your flesh is very heat resistant. (rF++)
You are vulnerable to cold. (rC-)
You float through the air rather than walking.
You learn spells naturally, not from books.
Your magical power is your life essence.
You have superior vitality. (+4 MHP)


Message History

The orc priest hits you with a +0 trident.
The orc barely misses you.
The ball python bites you but does no damage.
The ball python grabs you. The ball python constricts you.
You hit the ball python.
The ball python is moderately wounded.
The ball python bites you. The ball python constricts you.
The orc priest calls down the wrath of Beogh upon you.
Beogh smites you!
You are too injured to fight recklessly!
You closely miss the orc priest. The ball python bites you.
The ball python constricts you.
You hit the orc priest.
The orc priest is moderately wounded.
The ball python misses you. The ball python constricts you.
The orc priest hits you with a +0 trident.
* * * LOW HITPOINT WARNING * * *
The ball python bites you.
* * * LOW HITPOINT WARNING * * *
The ball python constricts you.
You barely miss the orc priest.
The orc priest is moderately wounded.
The orc hits you but does no damage.
The ball python bites you but does no damage.
The ball python constricts you.
* * * LOW HITPOINT WARNING * * *
You hit the orc priest.
Lightning courses through the orc priest!
You kill the orc priest!
The orc hits you with a +0 whip.
* * * LOW HITPOINT WARNING * * *
The ball python bites you.
* * * LOW HITPOINT WARNING * * *
The ball python constricts you.
You have reached level 5!
The power to cast Static Discharge wells up from within.
Spell assigned to 'b'.
You escape the ball python's grasp.
The orc attacks as you move away! The orc misses you.
The ball python bites you.
You die...

#### #### ##...#$$.##
##.........##
#...........#
#...(.......#
#...........#
####.........# #
.......S@...# #
.....#o#.### ##
......o.#.# ####.
........#.# #######....
........#.## #.......###
#.....###..# #..........
......####.## #..........
.........#..####...#.#.#.
...... #.....# #.##....#.


You could see an orc wizard (invisible), an orc and a ball python.

Vanquished Creatures
  An orc priest (D:3)
  Robin (D:2)
  2 adders (D:2)
  A worm (D:2)
  3 endoplasms
  4 giant cockroaches
  12 goblins
  5 hobgoblins
  5 jackals (D:1)
  5 kobolds
  2 quokkas
  2 ball pythons (D:1)
  2 bats
  6 frilled lizards
  5 rats
56 creatures vanquished.

Vanquished Creatures (others)
  A fungus (D:3)
1 creature vanquished.

Grand Total: 57 creatures vanquished

Notes
Turn   | Place    | Note
-------+----------+-------------------------------------------
     0 | D:1      | jimonade the Djinni Gladiator began the quest for the Orb.
     0 | D:1      | Reached XP level 1. HP: 18/18 MP: 0/0
   196 | D:1      | Reached XP level 2. HP: 14/23 MP: 0/0
   379 | D:1      | Found a faded altar of an unknown god.
   470 | D:1      | Reached XP level 3. HP: 28/28 MP: 0/0
   470 | D:1      | Learned a level 1 spell: Sting
   811 | D:2      | Noticed Robin
  1143 | D:2      | Killed Robin
  1524 | D:2      | Reached XP level 4. HP: 21/34 MP: 0/0
  1884 | D:2      | Reached skill level 1 in Armour
  2143 | D:3      | Reached skill level 4 in Dodging
  2220 | D:3      | HP: 1/34 [ball python (1)]
  2221 | D:3      | Reached XP level 5. HP: 1/39 MP: 0/0
  2221 | D:3      | Learned a level 2 spell: Static Discharge
  2221 | D:3      | Slain by a ball python

Illustrated notes

Levels and vault maps discovered:
D:1:      giann_wishing_wells, layout_loops_ring,
          hellmonk_ecumenical_altar_leap_of_faith
D:2:      layout_rooms, dk_vineyard_2, uniq_robin
D:3:      layout_rooms, mainiacjoe_overflow_boulevard, nrook_loot_triangle,
          dk_noncrumbling_3

Skill      XL: |  1  2  3  4 |
---------------+-------------+-----
Long Blades    | 3 |  3.5
Armour         | 1 |  1.6
Dodging        | 4 |  4.0
Fighting       | |  2.7
Maces & Flails | |  0.2
Throwing       | |  1.5
Stealth        | |  0.1
Spellcasting   | |  0.7

Action                     |  1- 3 |  4- 6 || total
---------------------------+-------+-------++-------
  Melee: Long sword        |   127 |    12 ||   139
         Punch             |     1 |       ||     1
         Whip              |       |    46 ||    46
    Use: Scroll            |       |     4 ||     4
 Armour: Leather armour    |    43 |    18 ||    61
  Dodge: Dodged            |   120 |    34 ||   154

Table legend: (Time is in decaauts)
 A = Elapsed time spent in this place.
 B = Non-inter-level travel time spent in this place.
 C = Inter-level travel time spent in this place.
 D = Time resting spent in this place.
 E = Time spent auto-exploring this place.
 F = Levels seen in this place.
 G = Mean time per level.
                   A        B        C        D        E       F      G
               +--------+--------+--------+--------+--------+-----+--------+
         Total |   2261 |   2217 |     44 |    631 |   1091 |   3 |  753.7 |
       Dungeon |   2261 |   2217 |     44 |    631 |   1091 |   3 |  753.7 |
               +--------+--------+--------+--------+--------+-----+--------+

Top non-repeatable levels by time:
     D:1: 1420 daAuts
     D:2: 699 daAuts
     D:3: 141 daAuts
